WCHLSIM.com - West Coast Hockey League
html PUBLIC "-//W3C//DTD XHTML 1.0 Transitional//EN" "http://www.w3.org/TR/xhtml1/DTD/xhtml1-transitional.dtd"> WCHL - Game 300 - PHOENIX MUSTANGS vs KANSAS CITY KILLERBEES

PHOENIX MUSTANGS vs KANSAS CITY KILLERBEES

Created - 18 novembre 2019 at 22:28

Goals
1 2 3 T
PHOENIX MUSTANGS 1 0 0 1
KANSAS CITY KILLERBEES 2 2 1 5
Shots
1 2 3 T
PHOENIX MUSTANGS 7 5 10 22
KANSAS CITY KILLERBEES 11 15 15 41

1st period

1. KANSAS CITY KILLERBEES , Charlie Coyle 6 (Colin Miller 6, Mattias Janmark 5) at 2:19
2. KANSAS CITY KILLERBEES , Cam Fowler 4 (Charlie Coyle 12, Sean Couturier 7) at 4:59 (PP)
3. PHOENIX MUSTANGS , Teuvo Teravainen 11 (T.J. Oshie 12, Nicklas Backstrom 6) at 10:18

Penalties :
Nicklas Backstrom (PHX) for Slashing (Minor) at 3:29, Kevin Hayes (PHX) for Holding (Minor) at 6:50, Sean Couturier (KCK) for Hooking (Minor) at 12:32, Calvin De Haan (KCK) for Tripping (Minor) at 17:29, T.J. Oshie (PHX) for High sticking (Minor) at 17:40

2nd period

4. KANSAS CITY KILLERBEES , Charlie Coyle 7 (Sean Couturier 8) at 11:04 (PP)
5. KANSAS CITY KILLERBEES , Sean Couturier 7 (Peter Cehlarik 3) at 17:12 (PP)

Penalties :
Dennis Cholowski (PHX) for Tripping (Minor) at 3:49, Jesper Fast (PHX) for High sticking (Double Minor) at 9:22, Jake Gardiner (PHX) for Holding Stick (Minor) at 15:43

3rd period

6. KANSAS CITY KILLERBEES , Sean Couturier 8 (Cam Fowler 9, Artturi Lehkonen 12) at 9:55

Penalties :
John Gibson (KCK) for Delaying the game (Minor) at 14:17 - Sean Couturier served the penalty., Erik Karlsson (PHX) for Hooking (Minor) at 17:30

Goalie Stats

Joonas Korpisalo (PHX), 16 saves from 17 shots - (0,941), 22:48 minutes
Corey Crawford (PHX), 20 saves from 24 shots - (0,833), L, 8-10-1, 37:12 minutes
John Gibson (KCK), 21 saves from 22 shots - (0,955), W, 9-5-4, 60:00 minutes

Players Stats for PHOENIX MUSTANGS

Player Name              G  A  P  +/- PIM S  H  SB GA TA FO     MP     PP MP  PK MP  
------------------------------------------------------------------------------------
Alexander Steen          0  0  0   0  0   1  0  1  0  0  0/1    17:12   2:02   1:53 
Andrew Ladd              0  0  0   0  0   0  0  0  0  0  0/0     5:34   0:00   4:47 
Dennis Cholowski         0  0  0  -1  2   0  1  1  0  0  0/0    23:46   1:52   4:55 
Erik Karlsson            0  0  0  -1  2   1  1  1  0  0  0/0    21:32   2:28   0:07 
Fredrik Claesson         0  0  0   1  0   0  2  1  0  0  0/0    18:59   0:00   7:25 
Jake Gardiner            0  0  0  -1  2   1  1  0  0  0  0/0    21:15   1:41   5:06 
Jeff Carter              0  0  0  -1  0   1  0  0  0  0  8/26   15:22   0:00   4:47 
Jesper Fast              0  0  0  -1  4   2  3  0  0  0  0/0    16:42   0:00   6:08 
Justin Faulk             0  0  0  -1  0   0  1  2  0  0  0/0    18:32   2:17   1:56 
Justin Kloos             0  0  0   0  0   0  0  0  0  0  1/2     0:47   0:00   0:00 
Kevin Hayes              0  0  0   0  2   1  0  0  0  0  11/17  17:53   2:02   0:47 
Kevin Labanc             0  0  0  -1  0   3  0  0  0  0  1/9    17:49   0:00   7:14 
Matt Taormina            0  0  0   1  0   0  1  0  0  0  0/0    15:53   0:00   6:07 
Nicklas Backstrom        0  1  1   0  2   2  0  0  0  0  17/29  18:42   2:07   0:00 
Phil Kessel              0  0  0   0  0   1  1  0  0  0  0/1    15:19   2:02   0:00 
T.J. Oshie               0  1  1   0  2   4  2  0  0  0  0/2    18:42   2:06   0:00 
Teuvo Teravainen         1  0  1   0  0   4  0  1  0  0  0/0    20:31   2:07   0:00 
Tomas Hyka               0  0  0   0  0   1  0  0  0  0  0/0     0:47   0:00   0:00 

Players Stats for KANSAS CITY KILLERBEES

Player Name              G  A  P  +/- PIM S  H  SB GA TA FO     MP     PP MP  PK MP  
------------------------------------------------------------------------------------
Alexander DeBrincat      0  0  0  -1  0   3  0  0  0  0  0/4    21:48   7:04   0:24 
Artturi Lehkonen         0  1  1   1  0   2  0  1  0  0  0/0    15:22   0:00   2:42 
Calvin De Haan           0  0  0   0  2   0  2  1  0  0  0/0    16:09   0:00   1:35 
Cam Fowler               1  1  2   1  0   1  0  0  0  0  0/0    23:58   6:46   2:20 
Charlie Coyle            2  1  3   1  0   6  1  0  0  0  4/12   17:49   5:44   1:03 
Colin Miller             0  1  1   0  0   1  2  1  0  0  0/0    20:49   6:02   0:14 
Denis Malgin             0  0  0   1  0   0  1  0  0  0  0/0    12:40   0:00   0:00 
Dylan DeMelo             0  0  0   0  0   0  1  1  0  0  0/0    22:37   7:16   1:35 
Greg McKegg              0  0  0   0  0   0  0  0  0  0  0/0     4:03   0:00   0:00 
Jacob de la Rose         0  0  0   0  0   0  0  0  0  0  0/0     4:03   0:00   0:00 
Jacob Muzzin             0  0  0   1  0   1  1  1  0  0  0/0    21:47   5:32   2:20 
Jan Rutta                0  0  0   0  0   0  0  0  0  0  0/0    14:39   0:00   0:14 
Mark Stone               0  0  0  -1  0   5  1  0  0  0  0/0    21:32   7:04   0:00 
Mattias Janmark          0  1  1   1  0   6  0  0  0  0  1/3    11:29   0:00   0:27 
Paul Stastny             0  0  0  -1  0   3  3  0  0  0  24/33  21:46   7:04   0:14 
Peter Cehlarik           0  1  1   1  0   1  1  0  0  0  0/2    17:22   5:44   0:36 
Ryan Kesler              0  0  0   0  0   0  0  0  0  0  5/8     6:55   0:00   2:52 
Sean Couturier           2  2  4   1  2   12 1  0  0  0  15/25  19:13   5:44   0:00 

3 Stars

1 - Sean Couturier (KCK)
2 - Charlie Coyle (KCK)
3 - Cam Fowler (KCK)

Power Play

PHOENIX MUSTANGS - 0 on 3 Attempt(s) - 0,00%
KANSAS CITY KILLERBEES - 3 on 8 Attempt(s) - 37,50%

Penalty Kill

PHOENIX MUSTANGS - 5 on 8 Attempt(s) - 62,50% - Score 0 goal in Penalty Kill
KANSAS CITY KILLERBEES - 3 on 3 Attempt(s) - 100,00% - Score 0 goal in Penalty Kill

Team Stat

PHOENIX MUSTANGS - Hits : 13 - Faceoff Wins : 38 - Blocked Shots : 7 - Penalty Minutes : 16
KANSAS CITY KILLERBEES - Hits : 14 - Faceoff Wins : 49 - Blocked Shots : 5 - Penalty Minutes : 6

Official

Referees : Alex Garon and David Banfield
Linesman : Greg McAlpine and Neil Campbell

Game Notes

Joonas Korpisalo enters game at 17:12 of 2nd period

Finance

Level 1 -- Attendance: 6500 (100,00%) -- Ticket Income 682 500 $
Level 2 -- Attendance: 5300 (100,00%) -- Ticket Income 339 200 $
Level 3 -- Attendance: 2500 (100,00%) -- Ticket Income 97 500 $
Level 4 -- Attendance: 4200 (100,00%) -- Ticket Income 117 600 $
Luxury Box -- Attendance: 1020 (100,00%) -- Ticket Income 206 040 $
Game was played at the Missouri Beehive Complex.
Total Attendance: 19520 (100,00%)
Total Ticket Income: 1 442 840 $
Other Income: 432 852 $
Total Income: 1 875 692 $

PHOENIX MUSTANGS

5 vs 5 Forward 
   Center                   Left Wing                Right Wing               Time % Phy DF OF 
 1 Nicklas Backstrom        Teuvo Teravainen         T.J. Oshie               37     1   2  2  
 2 Kevin Hayes              Alexander Steen          Phil Kessel              31     1   2  2  
 3 Jeff Carter              Kevin Labanc             Jesper Fast              25     1   2  2  
 4 Justin Kloos             Andrew Ladd              Tomas Hyka               7      1   2  2  

5 vs 5 Defense 
   Defense                  Defense                                           Time % Phy DF OF 
 1 Erik Karlsson            Dennis Cholowski                                  36     1   2  2  
 2 Jake Gardiner            Justin Faulk                                      31     1   2  2  
 3 Matt Taormina            Fredrik Claesson                                  23     1   2  2  
 4 Dennis Cholowski         Erik Karlsson                                     10     1   2  2  

PowerPlay Forward 
   Center                   Left Wing                Right Wing               Time % Phy DF OF 
 1 Nicklas Backstrom        Teuvo Teravainen         T.J. Oshie               55     1   2  2  
 2 Kevin Hayes              Alexander Steen          Phil Kessel              45     1   2  2  

PowerPlay Defense
   Defense                  Defense                                           Time % Phy DF OF 
 1 Erik Karlsson            Justin Faulk                                      55     1   2  2  
 2 Erik Karlsson            Dennis Cholowski                                  45     1   2  2  

Penalty Kill 4 Players Forward 
   Center                   Wing                     Time % Phy DF OF 
 1 Kevin Labanc             Jesper Fast              55     1   2  2  
 2 Jeff Carter              Andrew Ladd              45     1   2  2  

Penalty Kill 4 Players Defense
   Defense                  Defense                  Time % Phy DF OF 
 1 Fredrik Claesson         Dennis Cholowski         55     1   2  2  
 2 Jake Gardiner            Matt Taormina            45     1   2  2  

Penalty Kill - 3 Players Forward 
   Forward                                           Time % Phy DF OF 
 1 Jeff Carter                                       55     1   2  2  
 2 Kevin Hayes                                       45     1   2  2  

Penalty Kill - 3 Players Defense
   Defense                  Defense                  Time % Phy DF OF 
 1 Erik Karlsson            Justin Faulk             55     1   2  2  
 2 Jake Gardiner            Fredrik Claesson         45     1   2  2  

4 vs 4 Forward 
   Center                   Wing                     Time % Phy DF OF 
 1 Kevin Hayes              Teuvo Teravainen         55     1   2  2  
 2 Kevin Labanc             Phil Kessel              45     1   2  2  

4 vs 4 Defense
   Defense                  Defense                  Time % Phy DF OF 
 1 Erik Karlsson            Fredrik Claesson         55     1   2  2  
 2 Jake Gardiner            Dennis Cholowski         45     1   2  2  

Last Minutes Offensive
   Center                   Left Wing                Right Wing               Defense                  Defense                  
   Nicklas Backstrom        Teuvo Teravainen         Phil Kessel              Justin Faulk             Erik Karlsson            

Last Minutes Defensive
   Center                   Left Wing                Right Wing               Defense                  Defense                  
   Nicklas Backstrom        Teuvo Teravainen         Phil Kessel              Justin Faulk             Erik Karlsson            

Goaltenders
Starting : Corey Crawford           
Backup : Joonas Korpisalo         

Extra Forwards
Normal : Nicklas Backstrom, Kevin Labanc, Jesper Fast - PP : Phil Kessel, Kevin Labanc - PK : Jesper Fast
Extra Defensemen
Normal : Dennis Cholowski, Fredrik Claesson, Jake Gardiner - PP : Dennis Cholowski - PK : Fredrik Claesson, Jake Gardiner
Penalty Shots
Nicklas Backstrom, Phil Kessel, T.J. Oshie, Teuvo Teravainen, Kevin Hayes
Custom OT Lines Forwards
Nicklas Backstrom, Jeff Carter, Teuvo Teravainen, Phil Kessel, Kevin Hayes, Andrew Ladd, Alexander Steen, Kevin Labanc, Jesper Fast, T.J. Oshie
Custom OT Lines Defensemen
Erik Karlsson, Fredrik Claesson, Jake Gardiner, Justin Faulk, Dennis Cholowski

Scratches
Andrew Copp (Abdomen/Ribs Injury), Vince Pedrie (Healthy), Dan Renouf (Healthy), Gavin Bayreuther (Bruised Left Arm Injury), Michael Kapla (Healthy)
Michael Brodzinski (Healthy), Nick Lappin (Healthy), Oscar Fantenberg (Separated Left Shoulder Injury), Michael Del Zotto (Bruised Left Shoulder Injury), Reece Willcox (Healthy)
Riley Barber (Healthy)

KANSAS CITY KILLERBEES

5 vs 5 Forward 
   Center                   Left Wing                Right Wing               Time % Phy DF OF 
 1 Paul Stastny             Alexander DeBrincat      Mark Stone               33     1   2  2  
 2 Sean Couturier           Artturi Lehkonen         Denis Malgin             32     1   2  2  
 3 Charlie Coyle            Peter Cehlarik           Mattias Janmark          27     1   2  2  
 4 Ryan Kesler              Jacob de la Rose         Greg McKegg              8      1   2  2  

5 vs 5 Defense 
   Defense                  Defense                                           Time % Phy DF OF 
 1 Jacob Muzzin             Cam Fowler                                        33     1   2  2  
 2 Dylan DeMelo             Calvin De Haan                                    33     1   2  2  
 3 Jan Rutta                Colin Miller                                      33     1   2  2  
 4 Colin Miller             Cam Fowler                                        1      1   2  2  

PowerPlay Forward 
   Center                   Left Wing                Right Wing               Time % Phy DF OF 
 1 Paul Stastny             Alexander DeBrincat      Mark Stone               55     1   2  2  
 2 Sean Couturier           Peter Cehlarik           Charlie Coyle            45     1   2  2  

PowerPlay Defense
   Defense                  Defense                                           Time % Phy DF OF 
 1 Colin Miller             Jacob Muzzin                                      50     1   2  2  
 2 Dylan DeMelo             Cam Fowler                                        50     1   2  2  

Penalty Kill 4 Players Forward 
   Center                   Wing                     Time % Phy DF OF 
 1 Ryan Kesler              Artturi Lehkonen         55     1   2  2  
 2 Charlie Coyle            Peter Cehlarik           45     1   2  2  

Penalty Kill 4 Players Defense
   Defense                  Defense                  Time % Phy DF OF 
 1 Jacob Muzzin             Cam Fowler               50     1   2  2  
 2 Dylan DeMelo             Calvin De Haan           50     1   2  2  

Penalty Kill - 3 Players Forward 
   Forward                                           Time % Phy DF OF 
 1 Artturi Lehkonen                                  55     1   2  2  
 2 Charlie Coyle                                     45     1   2  2  

Penalty Kill - 3 Players Defense
   Defense                  Defense                  Time % Phy DF OF 
 1 Dylan DeMelo             Jacob Muzzin             50     1   2  2  
 2 Calvin De Haan           Colin Miller             50     1   2  2  

4 vs 4 Forward 
   Center                   Wing                     Time % Phy DF OF 
 1 Paul Stastny             Mark Stone               55     1   2  2  
 2 Sean Couturier           Alexander DeBrincat      45     1   2  2  

4 vs 4 Defense
   Defense                  Defense                  Time % Phy DF OF 
 1 Cam Fowler               Jacob Muzzin             50     1   2  2  
 2 Colin Miller             Calvin De Haan           50     1   2  2  

Last Minutes Offensive
   Center                   Left Wing                Right Wing               Defense                  Defense                  
   Paul Stastny             Alexander DeBrincat      Mark Stone               Colin Miller             Cam Fowler               

Last Minutes Defensive
   Center                   Left Wing                Right Wing               Defense                  Defense                  
   Sean Couturier           Artturi Lehkonen         Mark Stone               Jacob Muzzin             Dylan DeMelo             

Goaltenders
Starting : John Gibson              
Backup : Jonathan Bernier         

Extra Forwards
Normal : Sean Couturier, Paul Stastny, Alexander DeBrincat - PP : Mark Stone, Alexander DeBrincat - PK : Sean Couturier
Extra Defensemen
Normal : Cam Fowler, Calvin De Haan, Colin Miller - PP : Colin Miller - PK : Jacob Muzzin, Dylan DeMelo
Penalty Shots
Paul Stastny, Alexander DeBrincat, Mark Stone, Sean Couturier, Charlie Coyle
Custom OT Lines Forwards
Greg McKegg, Paul Stastny, Sean Couturier, Mark Stone, Mattias Janmark, Alexander DeBrincat, Ryan Kesler, Charlie Coyle, Artturi Lehkonen, Denis Malgin
Custom OT Lines Defensemen
Cam Fowler, Jacob Muzzin, Colin Miller, Dylan DeMelo, Calvin De Haan

Scratches
Kyle Brodziak (Healthy), Hunter Shinkaruk (Healthy), Joseph LaBate (Healthy), Nikita Korostelev (Healthy), Eric Cornel (Healthy)
Hunter Warner (Healthy), Hampus Lindholm (Healthy), Reece Scarlett (Healthy), William Nylander (Sports Hernia Injury), Steven Spinner (Healthy)

% Time on Ice - PHOENIX MUSTANGS

Lines # - Real PCT - Wanted PCT - Time Play
Normal Forward
1 - 40% - 37% - 16:36
2 - 32% - 31% - 13:17
3 - 26% - 25% - 10:35
4 - 2% - 7% - 0:47
Normal Defense
1 - 39% - 36% - 16:00
2 - 35% - 31% - 14:19
3 - 24% - 23% - 9:46
4 - 3% - 10% - 1:10
PP Forward
1 - 51% - 55% - 2:07
2 - 49% - 45% - 2:02
PP Defense
1 - 55% - 55% - 2:17
2 - 45% - 45% - 1:52
PK Forward
1 - 63% - 55% - 8:01
2 - 37% - 45% - 4:47
PK Defense
1 - 50% - 55% - 6:22
2 - 50% - 45% - 6:26
PK3 Forward
1 - 0% - 55%
2 - 0% - 45%
PK3 Defense
1 - 0% - 55%
2 - 0% - 45%
44 Forward
1 - 100% - 55% - 1:48
2 - 0% - 45% - 0:00
44 Defense
1 - 100% - 55% - 1:48
2 - 0% - 45% - 0:00
Last Minute Offensive  - 0:00
Last Minute Defensive  - 0:00
Total
Forward - 60:00
Defense - 60:00

% Time on Ice - KANSAS CITY KILLERBEES

Lines # - Real PCT - Wanted PCT - Time Play
Normal Forward
1 - 33% - 33% - 13:30
2 - 31% - 32% - 12:40
3 - 27% - 27% - 11:02
4 - 10% - 8% - 4:03
Normal Defense
1 - 32% - 33% - 13:05
2 - 35% - 33% - 14:35
3 - 33% - 33% - 13:35
4 - 0% - 1% - 0:00
PP Forward
1 - 55% - 55% - 7:04
2 - 45% - 45% - 5:44
PP Defense
1 - 43% - 50% - 5:32
2 - 57% - 50% - 7:16
PK Forward
1 - 75% - 55% - 3:06
2 - 25% - 45% - 1:03
PK Defense
1 - 62% - 50% - 2:34
2 - 38% - 50% - 1:35
PK3 Forward
1 - 0% - 55%
2 - 0% - 45%
PK3 Defense
1 - 0% - 50%
2 - 0% - 50%
44 Forward
1 - 54% - 55% - 0:58
2 - 46% - 45% - 0:50
44 Defense
1 - 46% - 50% - 0:50
2 - 54% - 50% - 0:58
Last Minute Offensive  - 0:00
Last Minute Defensive  - 0:00
Total
Forward - 60:00
Defense - 60:00

Play-by-Play

1st period


0:01 of 1st period - Nicklas Backstrom wins face-off versus Paul Stastny in neutral zone.
0:04 of 1st period - Mark Stone is hit by T.J. Oshie.
0:27 of 1st period - Icing by Cam Fowler.
0:28 of 1st period - Kevin Hayes wins face-off versus Paul Stastny in KANSAS CITY KILLERBEES zone.
0:43 of 1st period - Jake Gardiner is hit by Jacob Muzzin and loses puck.
0:47 of 1st period - Justin Faulk is hit by Paul Stastny and loses puck.
1:06 of 1st period - Shot by Alexander Steen.
1:06 of 1st period - Shot Blocked by Jacob Muzzin.
1:32 of 1st period - Kevin Labanc is hit by Sean Couturier and loses puck.
1:49 of 1st period - Shot by Sean Couturier.
1:49 of 1st period - Stopped by Corey Crawford without a rebound.
1:50 of 1st period - Nicklas Backstrom wins face-off versus Charlie Coyle in PHOENIX MUSTANGS zone.
2:13 of 1st period - Shot by Charlie Coyle.
2:13 of 1st period - Shot Misses the Net.
2:15 of 1st period - Shot by Mattias Janmark.
2:15 of 1st period - Shot Misses the Net.
2:17 of 1st period - Shot by Colin Miller.
2:17 of 1st period - Stopped by Corey Crawford with a rebound.
2:19 of 1st period - Shot by Charlie Coyle.
2:19 of 1st period - Goal by Charlie Coyle - PHOENIX MUSTANGS : 0 - KANSAS CITY KILLERBEES : 1.
2:20 of 1st period - Sean Couturier wins face-off versus Justin Kloos in neutral zone.
2:22 of 1st period - Off-side.
2:23 of 1st period - Justin Kloos wins face-off versus Sean Couturier in neutral zone.
2:31 of 1st period - Icing by Dylan DeMelo.
2:32 of 1st period - Sean Couturier wins face-off versus Jeff Carter in KANSAS CITY KILLERBEES zone.
3:29 of 1st period - Minor Penalty to Nicklas Backstrom for Slashing.
3:30 of 1st period - Paul Stastny wins face-off versus Jeff Carter in PHOENIX MUSTANGS zone.
3:59 of 1st period - Shot by Paul Stastny.
3:59 of 1st period - Shot Misses the Net.
4:40 of 1st period - Shot by Charlie Coyle.
4:40 of 1st period - Stopped by Corey Crawford without a rebound.
4:41 of 1st period - Jeff Carter wins face-off versus Sean Couturier in PHOENIX MUSTANGS zone.
4:41 of 1st period - Jeff Carter is hit by Peter Cehlarik.
4:55 of 1st period - Shot by Sean Couturier.
4:55 of 1st period - Shot Blocked by Fredrik Claesson.
4:57 of 1st period - Shot by Charlie Coyle.
4:57 of 1st period - Stopped by Corey Crawford with a rebound.
4:59 of 1st period - Shot by Cam Fowler.
4:59 of 1st period - Goal by Cam Fowler - PHOENIX MUSTANGS : 0 - KANSAS CITY KILLERBEES : 2.
5:00 of 1st period - Ryan Kesler wins face-off versus Nicklas Backstrom in neutral zone.
6:50 of 1st period - Minor Penalty to Kevin Hayes for Holding.
6:51 of 1st period - Paul Stastny wins face-off versus Kevin Labanc in PHOENIX MUSTANGS zone.
8:32 of 1st period - Icing by Paul Stastny.
8:33 of 1st period - Paul Stastny wins face-off versus Kevin Labanc in KANSAS CITY KILLERBEES zone.
8:59 of 1st period - Shot by Phil Kessel.
8:59 of 1st period - Stopped by John Gibson without a rebound.
9:00 of 1st period - Kevin Hayes wins face-off versus Ryan Kesler in KANSAS CITY KILLERBEES zone.
9:05 of 1st period - Shot by Alexander Steen.
9:05 of 1st period - Shot Blocked by Dylan DeMelo.
9:31 of 1st period - Shot by Ryan Kesler.
9:31 of 1st period - Shot Blocked by Alexander Steen.
9:42 of 1st period - Off-side.
9:43 of 1st period - Paul Stastny wins face-off versus Nicklas Backstrom in neutral zone.
9:54 of 1st period - Shot by Alexander DeBrincat.
9:54 of 1st period - Stopped by Corey Crawford without a rebound.
9:55 of 1st period - Jeff Carter wins face-off versus Peter Cehlarik in PHOENIX MUSTANGS zone.
10:00 of 1st period - Shot by Kevin Labanc.
10:00 of 1st period - Stopped by John Gibson without a rebound.
10:01 of 1st period - Nicklas Backstrom wins face-off versus Paul Stastny in KANSAS CITY KILLERBEES zone.
10:16 of 1st period - Shot by T.J. Oshie.
10:16 of 1st period - Stopped by John Gibson with a rebound.
10:18 of 1st period - Shot by Teuvo Teravainen.
10:18 of 1st period - Goal by Teuvo Teravainen - PHOENIX MUSTANGS : 1 - KANSAS CITY KILLERBEES : 2.
10:19 of 1st period - Kevin Hayes wins face-off versus Peter Cehlarik in neutral zone.
11:10 of 1st period - Icing by Justin Faulk.
11:11 of 1st period - Paul Stastny wins face-off versus Phil Kessel in PHOENIX MUSTANGS zone.
11:26 of 1st period - Justin Faulk is hit by Paul Stastny and loses puck.
11:34 of 1st period - Phil Kessel is hit by Colin Miller and loses puck.
11:42 of 1st period - Icing by Colin Miller.
11:43 of 1st period - Paul Stastny wins face-off versus Jeff Carter in KANSAS CITY KILLERBEES zone.
11:43 of 1st period - Paul Stastny is hit by Jesper Fast.
11:46 of 1st period - Icing by Mark Stone.
11:47 of 1st period - Paul Stastny wins face-off versus Nicklas Backstrom in KANSAS CITY KILLERBEES zone.
12:00 of 1st period - Shot by Alexander DeBrincat.
12:00 of 1st period - Stopped by Corey Crawford without a rebound.
12:01 of 1st period - Sean Couturier wins face-off versus Jeff Carter in PHOENIX MUSTANGS zone.
12:01 of 1st period - Artturi Lehkonen is hit by Fredrik Claesson and loses puck.
12:13 of 1st period - Icing by Dylan DeMelo.
12:14 of 1st period - Sean Couturier wins face-off versus Nicklas Backstrom in KANSAS CITY KILLERBEES zone.
12:32 of 1st period - Minor Penalty to Sean Couturier for Hooking.
12:33 of 1st period - Ryan Kesler wins face-off versus Kevin Hayes in KANSAS CITY KILLERBEES zone.
13:34 of 1st period - Icing by Jake Gardiner.
13:35 of 1st period - Nicklas Backstrom wins face-off versus Charlie Coyle in PHOENIX MUSTANGS zone.
14:36 of 1st period - Shot by Jesper Fast.
14:36 of 1st period - Stopped by John Gibson without a rebound.
14:37 of 1st period - Jeff Carter wins face-off versus Charlie Coyle in KANSAS CITY KILLERBEES zone.
15:03 of 1st period - Kevin Labanc is hit by Charlie Coyle and loses puck.
15:11 of 1st period - Mattias Janmark is hit by Matt Taormina and loses puck.
15:16 of 1st period - Shot by Mattias Janmark.
15:16 of 1st period - Stopped by Corey Crawford without a rebound.
15:17 of 1st period - Paul Stastny wins face-off versus Kevin Hayes in PHOENIX MUSTANGS zone.
16:45 of 1st period - Shot by Artturi Lehkonen.
16:45 of 1st period - Stopped by Corey Crawford without a rebound.
16:46 of 1st period - Nicklas Backstrom wins face-off versus Charlie Coyle in PHOENIX MUSTANGS zone.
16:59 of 1st period - Shot by T.J. Oshie.
16:59 of 1st period - Shot Misses the Net.
17:01 of 1st period - Shot by Teuvo Teravainen.
17:01 of 1st period - Stopped by John Gibson without a rebound.
17:02 of 1st period - Ryan Kesler wins face-off versus Jeff Carter in KANSAS CITY KILLERBEES zone.
17:08 of 1st period - Shot by Kevin Labanc.
17:08 of 1st period - Stopped by John Gibson without a rebound.
17:09 of 1st period - Nicklas Backstrom wins face-off versus Paul Stastny in KANSAS CITY KILLERBEES zone.
17:11 of 1st period - T.J. Oshie is hit by Dylan DeMelo.
17:19 of 1st period - T.J. Oshie is hit by Calvin De Haan and loses puck.
17:29 of 1st period - Minor Penalty to Calvin De Haan for Tripping.
17:30 of 1st period - Nicklas Backstrom wins face-off versus Ryan Kesler in KANSAS CITY KILLERBEES zone.
17:40 of 1st period - Minor Penalty to T.J. Oshie for High sticking.
17:41 of 1st period - Kevin Hayes wins face-off versus Paul Stastny in PHOENIX MUSTANGS zone.
18:50 of 1st period - Shot by Alexander DeBrincat.
18:50 of 1st period - Stopped by Corey Crawford with a rebound.
Goals for this period are 1 for PHOENIX MUSTANGS vs 2 for KANSAS CITY KILLERBEES.
Shots for this period are 7 for PHOENIX MUSTANGS vs 11 for KANSAS CITY KILLERBEES.

2nd period


0:01 of 2nd period - Nicklas Backstrom wins face-off versus Sean Couturier in neutral zone.
0:38 of 2nd period - Sean Couturier is hit by Dennis Cholowski.
1:06 of 2nd period - Shot by Mattias Janmark.
1:06 of 2nd period - Shot Misses the Net.
1:08 of 2nd period - Shot by Charlie Coyle.
1:08 of 2nd period - Shot Misses the Net.
1:12 of 2nd period - Shot by Charlie Coyle.
1:12 of 2nd period - Stopped by Corey Crawford without a rebound.
1:13 of 2nd period - Paul Stastny wins face-off versus Kevin Hayes in PHOENIX MUSTANGS zone.
1:31 of 2nd period - Shot by Mark Stone.
1:31 of 2nd period - Deflect By Paul Stastny.
1:31 of 2nd period - Shot Misses the Net.
1:33 of 2nd period - Shot by Mark Stone.
1:33 of 2nd period - Shot Misses the Net.
1:59 of 2nd period - Alexander Steen is hit by Mark Stone and loses puck.
2:12 of 2nd period - Charlie Coyle is hit by Phil Kessel and loses puck.
2:40 of 2nd period - Icing by Calvin De Haan.
2:41 of 2nd period - Charlie Coyle wins face-off versus T.J. Oshie in KANSAS CITY KILLERBEES zone.
2:55 of 2nd period - Shot by Charlie Coyle.
2:55 of 2nd period - Shot Hit the Post.
2:57 of 2nd period - Shot by Charlie Coyle.
2:57 of 2nd period - Stopped by Corey Crawford without a rebound.
2:58 of 2nd period - Sean Couturier wins face-off versus Jeff Carter in PHOENIX MUSTANGS zone.
3:11 of 2nd period - Shot by Jesper Fast.
3:11 of 2nd period - Stopped by John Gibson without a rebound.
3:12 of 2nd period - Nicklas Backstrom wins face-off versus Alexander DeBrincat in KANSAS CITY KILLERBEES zone.
3:49 of 2nd period - Minor Penalty to Dennis Cholowski for Tripping.
3:50 of 2nd period - Sean Couturier wins face-off versus Kevin Labanc in PHOENIX MUSTANGS zone.
4:21 of 2nd period - Shot by Sean Couturier.
4:21 of 2nd period - Stopped by Corey Crawford without a rebound.
4:22 of 2nd period - Paul Stastny wins face-off versus Jeff Carter in PHOENIX MUSTANGS zone.
6:28 of 2nd period - Shot by Teuvo Teravainen.
6:28 of 2nd period - Shot Misses the Net.
6:30 of 2nd period - Shot by T.J. Oshie.
6:30 of 2nd period - Shot Blocked by Colin Miller.
6:32 of 2nd period - Shot by Erik Karlsson.
6:32 of 2nd period - Stopped by John Gibson without a rebound.
6:33 of 2nd period - Kevin Hayes wins face-off versus Alexander DeBrincat in KANSAS CITY KILLERBEES zone.
6:51 of 2nd period - Justin Faulk is hit by Paul Stastny and loses puck.
7:04 of 2nd period - Shot by Paul Stastny.
7:04 of 2nd period - Shot Misses the Net.
8:37 of 2nd period - Charlie Coyle is hit by T.J. Oshie.
9:03 of 2nd period - Icing by Fredrik Claesson.
9:04 of 2nd period - Paul Stastny wins face-off versus Jeff Carter in PHOENIX MUSTANGS zone.
9:22 of 2nd period - Double Minor Penalty to Jesper Fast for High sticking.
9:23 of 2nd period - Paul Stastny wins face-off versus Jeff Carter in PHOENIX MUSTANGS zone.
10:36 of 2nd period - Shot by Sean Couturier.
10:36 of 2nd period - Stopped by Corey Crawford without a rebound.
10:37 of 2nd period - Jeff Carter wins face-off versus Sean Couturier in PHOENIX MUSTANGS zone.
11:04 of 2nd period - Shot by Sean Couturier.
11:04 of 2nd period - Deflect By Charlie Coyle.
11:04 of 2nd period - Goal by Charlie Coyle - PHOENIX MUSTANGS : 1 - KANSAS CITY KILLERBEES : 3.
11:05 of 2nd period - Jeff Carter wins face-off versus Paul Stastny in neutral zone.
11:10 of 2nd period - Icing by Mark Stone.
11:11 of 2nd period - Paul Stastny wins face-off versus Jeff Carter in KANSAS CITY KILLERBEES zone.
11:23 of 2nd period - Shot by Paul Stastny.
11:23 of 2nd period - Stopped by Corey Crawford without a rebound.
11:24 of 2nd period - Paul Stastny wins face-off versus Kevin Labanc in PHOENIX MUSTANGS zone.
11:29 of 2nd period - Shot by Paul Stastny.
11:29 of 2nd period - Shot Misses the Net.
11:35 of 2nd period - Shot by Mark Stone.
11:35 of 2nd period - Stopped by Corey Crawford with a rebound.
13:09 of 2nd period - Shot by Jacob de la Rose.
13:09 of 2nd period - Shot Misses the Net.
13:56 of 2nd period - Shot by Artturi Lehkonen.
13:56 of 2nd period - Deflect By Sean Couturier.
13:56 of 2nd period - Stopped by Corey Crawford without a rebound.
13:57 of 2nd period - Paul Stastny wins face-off versus Kevin Hayes in PHOENIX MUSTANGS zone.
13:58 of 2nd period - Shot by Mark Stone.
13:58 of 2nd period - Stopped by Corey Crawford with a rebound.
15:01 of 2nd period - Shot by Jeff Carter.
15:01 of 2nd period - Stopped by John Gibson without a rebound.
15:02 of 2nd period - Sean Couturier wins face-off versus Nicklas Backstrom in KANSAS CITY KILLERBEES zone.
15:08 of 2nd period - Artturi Lehkonen is hit by Jake Gardiner and loses puck.
15:42 of 2nd period - Shot by Sean Couturier.
15:42 of 2nd period - Shot Blocked by Justin Faulk.
15:43 of 2nd period - Minor Penalty to Jake Gardiner for Holding Stick.
15:44 of 2nd period - Sean Couturier wins face-off versus Kevin Labanc in PHOENIX MUSTANGS zone.
15:53 of 2nd period - Shot by Sean Couturier.
15:53 of 2nd period - Stopped by Corey Crawford without a rebound.
15:54 of 2nd period - Kevin Labanc wins face-off versus Alexander DeBrincat in PHOENIX MUSTANGS zone.
16:00 of 2nd period - Icing by Cam Fowler.
16:01 of 2nd period - Paul Stastny wins face-off versus Kevin Labanc in KANSAS CITY KILLERBEES zone.
16:12 of 2nd period - Icing by Cam Fowler.
16:13 of 2nd period - Paul Stastny wins face-off versus Kevin Labanc in KANSAS CITY KILLERBEES zone.
17:05 of 2nd period - Sean Couturier is hit by Fredrik Claesson and loses puck.
17:08 of 2nd period - Shot by Peter Cehlarik.
17:08 of 2nd period - Stopped by Corey Crawford with a rebound.
17:10 of 2nd period - Shot by Sean Couturier.
17:10 of 2nd period - Stopped by Corey Crawford with a rebound.
17:12 of 2nd period - Shot by Sean Couturier.
17:12 of 2nd period - Goal by Sean Couturier - PHOENIX MUSTANGS : 1 - KANSAS CITY KILLERBEES : 4.
17:12 of 2nd period - Joonas Korpisalo enters game.
17:13 of 2nd period - Nicklas Backstrom wins face-off versus Sean Couturier in neutral zone.
17:20 of 2nd period - Icing by Sean Couturier.
17:21 of 2nd period - Nicklas Backstrom wins face-off versus Sean Couturier in KANSAS CITY KILLERBEES zone.
17:24 of 2nd period - Shot by Teuvo Teravainen.
17:24 of 2nd period - Stopped by John Gibson without a rebound.
17:25 of 2nd period - Sean Couturier wins face-off versus Nicklas Backstrom in KANSAS CITY KILLERBEES zone.
17:54 of 2nd period - Shot by Nicklas Backstrom.
17:54 of 2nd period - Stopped by John Gibson without a rebound.
17:55 of 2nd period - Kevin Hayes wins face-off versus Charlie Coyle in KANSAS CITY KILLERBEES zone.
17:55 of 2nd period - Alexander Steen is hit by Colin Miller and loses puck.
18:18 of 2nd period - Shot by Mattias Janmark.
18:18 of 2nd period - Stopped by Joonas Korpisalo with a rebound.
18:30 of 2nd period - Shot by Mattias Janmark.
18:30 of 2nd period - Stopped by Joonas Korpisalo without a rebound.
18:31 of 2nd period - Jeff Carter wins face-off versus Sean Couturier in PHOENIX MUSTANGS zone.
18:55 of 2nd period - Denis Malgin is hit by Jesper Fast and loses puck.
Goals for this period are 0 for PHOENIX MUSTANGS vs 2 for KANSAS CITY KILLERBEES.
Shots for this period are 5 for PHOENIX MUSTANGS vs 15 for KANSAS CITY KILLERBEES.

3rd period


0:01 of 3rd period - Jeff Carter wins face-off versus Mattias Janmark in neutral zone.
0:13 of 3rd period - Shot by Charlie Coyle.
0:13 of 3rd period - Deflect By Mattias Janmark.
0:13 of 3rd period - Stopped by Joonas Korpisalo without a rebound.
0:14 of 3rd period - Nicklas Backstrom wins face-off versus Sean Couturier in PHOENIX MUSTANGS zone.
0:14 of 3rd period - Nicklas Backstrom is hit by Denis Malgin.
0:17 of 3rd period - Icing by Teuvo Teravainen.
0:18 of 3rd period - Nicklas Backstrom wins face-off versus Charlie Coyle in PHOENIX MUSTANGS zone.
0:56 of 3rd period - Shot by Mattias Janmark.
0:56 of 3rd period - Shot Blocked by Erik Karlsson.
1:24 of 3rd period - Shot by Sean Couturier.
1:24 of 3rd period - Stopped by Joonas Korpisalo without a rebound.
1:25 of 3rd period - Paul Stastny wins face-off versus Alexander Steen in PHOENIX MUSTANGS zone.
1:42 of 3rd period - Shot by Alexander Steen.
1:42 of 3rd period - Stopped by John Gibson without a rebound.
1:43 of 3rd period - Sean Couturier wins face-off versus Jeff Carter in KANSAS CITY KILLERBEES zone.
1:43 of 3rd period - Sean Couturier is hit by Jesper Fast.
3:29 of 3rd period - Icing by Dennis Cholowski.
3:30 of 3rd period - Paul Stastny wins face-off versus Nicklas Backstrom in PHOENIX MUSTANGS zone.
3:31 of 3rd period - Shot by Mark Stone.
3:31 of 3rd period - Stopped by Joonas Korpisalo without a rebound.
3:32 of 3rd period - Paul Stastny wins face-off versus Jeff Carter in PHOENIX MUSTANGS zone.
3:53 of 3rd period - Shot by Paul Stastny.
3:53 of 3rd period - Shot Blocked by Dennis Cholowski.
3:55 of 3rd period - Shot by Paul Stastny.
3:55 of 3rd period - Shot Misses the Net.
3:57 of 3rd period - Shot by Alexander DeBrincat.
3:57 of 3rd period - Shot Misses the Net.
4:02 of 3rd period - Shot by Mark Stone.
4:02 of 3rd period - Shot Misses the Net.
4:04 of 3rd period - Shot by Paul Stastny.
4:04 of 3rd period - Stopped by Joonas Korpisalo with a rebound.
4:06 of 3rd period - Shot by Mark Stone.
4:06 of 3rd period - Stopped by Joonas Korpisalo without a rebound.
4:07 of 3rd period - Mattias Janmark wins face-off versus Nicklas Backstrom in PHOENIX MUSTANGS zone.
4:24 of 3rd period - Shot by Charlie Coyle.
4:24 of 3rd period - Deflect By Mattias Janmark.
4:24 of 3rd period - Stopped by Joonas Korpisalo with a rebound.
4:26 of 3rd period - Shot by Mattias Janmark.
4:26 of 3rd period - Shot Misses the Net.
4:28 of 3rd period - Shot by Charlie Coyle.
4:28 of 3rd period - Shot Misses the Net.
5:01 of 3rd period - Charlie Coyle is hit by Justin Faulk and loses puck.
5:09 of 3rd period - Icing by Justin Faulk.
5:10 of 3rd period - Kevin Hayes wins face-off versus Paul Stastny in PHOENIX MUSTANGS zone.
5:17 of 3rd period - Icing by Colin Miller.
5:18 of 3rd period - Paul Stastny wins face-off versus Jeff Carter in KANSAS CITY KILLERBEES zone.
5:35 of 3rd period - Shot by Mark Stone.
5:35 of 3rd period - Stopped by Joonas Korpisalo without a rebound.
5:36 of 3rd period - Nicklas Backstrom wins face-off versus Sean Couturier in PHOENIX MUSTANGS zone.
5:51 of 3rd period - Shot by Cam Fowler.
5:51 of 3rd period - Shot Blocked by Justin Faulk.
5:53 of 3rd period - Shot by Jacob Muzzin.
5:53 of 3rd period - Stopped by Joonas Korpisalo with a rebound.
5:55 of 3rd period - Shot by Sean Couturier.
5:55 of 3rd period - Stopped by Joonas Korpisalo without a rebound.
5:56 of 3rd period - Kevin Hayes wins face-off versus Paul Stastny in PHOENIX MUSTANGS zone.
6:17 of 3rd period - Shot by Phil Kessel.
6:17 of 3rd period - Shot Misses the Net.
6:32 of 3rd period - Paul Stastny is hit by Erik Karlsson and loses puck.
7:17 of 3rd period - Shot by Mattias Janmark.
7:17 of 3rd period - Stopped by Joonas Korpisalo without a rebound.
7:18 of 3rd period - Sean Couturier wins face-off versus Jeff Carter in PHOENIX MUSTANGS zone.
7:42 of 3rd period - Shot by Sean Couturier.
7:42 of 3rd period - Stopped by Joonas Korpisalo with a rebound.
7:50 of 3rd period - Shot by Sean Couturier.
7:50 of 3rd period - Deflect By Artturi Lehkonen.
7:50 of 3rd period - Shot Misses the Net.
8:14 of 3rd period - Icing by Calvin De Haan.
8:15 of 3rd period - Nicklas Backstrom wins face-off versus Charlie Coyle in KANSAS CITY KILLERBEES zone.
8:15 of 3rd period - Teuvo Teravainen is hit by Calvin De Haan and loses puck.
8:18 of 3rd period - Shot by T.J. Oshie.
8:18 of 3rd period - Stopped by John Gibson without a rebound.
8:19 of 3rd period - Nicklas Backstrom wins face-off versus Mattias Janmark in KANSAS CITY KILLERBEES zone.
8:28 of 3rd period - Shot by Nicklas Backstrom.
8:28 of 3rd period - Deflect By Teuvo Teravainen.
8:28 of 3rd period - Stopped by John Gibson without a rebound.
8:29 of 3rd period - Nicklas Backstrom wins face-off versus Paul Stastny in KANSAS CITY KILLERBEES zone.
8:58 of 3rd period - Shot by T.J. Oshie.
8:58 of 3rd period - Stopped by John Gibson with a rebound.
9:08 of 3rd period - Shot by Nicklas Backstrom.
9:08 of 3rd period - Stopped by John Gibson without a rebound.
9:09 of 3rd period - Kevin Hayes wins face-off versus Charlie Coyle in KANSAS CITY KILLERBEES zone.
9:35 of 3rd period - Shot by Kevin Hayes.
9:35 of 3rd period - Stopped by John Gibson without a rebound.
9:36 of 3rd period - Sean Couturier wins face-off versus Jeff Carter in KANSAS CITY KILLERBEES zone.
9:55 of 3rd period - Shot by Sean Couturier.
9:55 of 3rd period - Goal by Sean Couturier - PHOENIX MUSTANGS : 1 - KANSAS CITY KILLERBEES : 5.
9:56 of 3rd period - Paul Stastny wins face-off versus Kevin Hayes in neutral zone.
10:05 of 3rd period - Shot by Paul Stastny.
10:05 of 3rd period - Stopped by Joonas Korpisalo without a rebound.
10:06 of 3rd period - Charlie Coyle wins face-off versus Nicklas Backstrom in PHOENIX MUSTANGS zone.
10:19 of 3rd period - Shot by Charlie Coyle.
10:19 of 3rd period - Shot Misses the Net.
10:35 of 3rd period - Shot by T.J. Oshie.
10:35 of 3rd period - Stopped by John Gibson without a rebound.
10:36 of 3rd period - Sean Couturier wins face-off versus Kevin Hayes in KANSAS CITY KILLERBEES zone.
11:03 of 3rd period - Icing by Dennis Cholowski.
11:04 of 3rd period - Kevin Hayes wins face-off versus Alexander DeBrincat in PHOENIX MUSTANGS zone.
11:53 of 3rd period - Shot by Mark Stone.
11:53 of 3rd period - Shot Misses the Net.
12:24 of 3rd period - Icing by Calvin De Haan.
12:25 of 3rd period - Charlie Coyle wins face-off versus T.J. Oshie in KANSAS CITY KILLERBEES zone.
12:27 of 3rd period - Icing by Mattias Janmark.
12:28 of 3rd period - Charlie Coyle wins face-off versus Nicklas Backstrom in KANSAS CITY KILLERBEES zone.
12:40 of 3rd period - Shot by Peter Cehlarik.
12:40 of 3rd period - Shot Misses the Net.
14:15 of 3rd period - Shot by Justin Kloos.
14:15 of 3rd period - Shot Blocked by Artturi Lehkonen.
14:17 of 3rd period - Shot by Tomas Hyka.
14:17 of 3rd period - Stopped by John Gibson without a rebound.
14:17 of 3rd period - Minor Penalty to John Gibson for Delaying the game.
14:18 of 3rd period - Ryan Kesler wins face-off versus Nicklas Backstrom in KANSAS CITY KILLERBEES zone.
15:22 of 3rd period - Shot by Phil Kessel.
15:22 of 3rd period - Shot Misses the Net.
15:24 of 3rd period - Shot by Jake Gardiner.
15:24 of 3rd period - Stopped by John Gibson without a rebound.
15:25 of 3rd period - Kevin Hayes wins face-off versus Ryan Kesler in KANSAS CITY KILLERBEES zone.
15:54 of 3rd period - Shot by Erik Karlsson.
15:54 of 3rd period - Shot Blocked by Calvin De Haan.
16:20 of 3rd period - Shot by Kevin Labanc.
16:20 of 3rd period - Stopped by John Gibson without a rebound.
16:21 of 3rd period - Paul Stastny wins face-off versus Jeff Carter in KANSAS CITY KILLERBEES zone.
16:50 of 3rd period - Icing by Fredrik Claesson.
16:51 of 3rd period - Ryan Kesler wins face-off versus Jeff Carter in PHOENIX MUSTANGS zone.
17:07 of 3rd period - Icing by Fredrik Claesson.
17:08 of 3rd period - Sean Couturier wins face-off versus Jeff Carter in PHOENIX MUSTANGS zone.
17:13 of 3rd period - Shot by Sean Couturier.
17:13 of 3rd period - Deflect By Artturi Lehkonen.
17:13 of 3rd period - Stopped by Joonas Korpisalo without a rebound.
17:14 of 3rd period - Sean Couturier wins face-off versus Nicklas Backstrom in PHOENIX MUSTANGS zone.
17:21 of 3rd period - Shot by Sean Couturier.
17:21 of 3rd period - Shot Blocked by Teuvo Teravainen.
17:23 of 3rd period - Shot by Artturi Lehkonen.
17:23 of 3rd period - Shot Misses the Net.
17:29 of 3rd period - Shot by Artturi Lehkonen.
17:29 of 3rd period - Shot Misses the Net.
17:30 of 3rd period - Minor Penalty to Erik Karlsson for Hooking.
17:31 of 3rd period - Paul Stastny wins face-off versus Kevin Labanc in PHOENIX MUSTANGS zone.
18:44 of 3rd period - Shot by Sean Couturier.
18:44 of 3rd period - Stopped by Joonas Korpisalo without a rebound.
18:45 of 3rd period - Jeff Carter wins face-off versus Sean Couturier in PHOENIX MUSTANGS zone.
Goals for this period are 0 for PHOENIX MUSTANGS vs 1 for KANSAS CITY KILLERBEES.
Shots for this period are 10 for PHOENIX MUSTANGS vs 15 for KANSAS CITY KILLERBEES.


NATHAN
MACKINNON
PHILLIP
DANAULT
CONNOR
MCDAVID

EAST COAST

HOCKEY LEAGUE

  • 25.QUE4CHI5
  • 26.CHA2LIM3
  • 27.TRV2LON3
  • 28.CHW4BAL2
  • 29.PITMAN
  • 30.ATLNHW
  • 31.WORPET
  • 32.RHI